 Dungeon Crawl Stone Soup version 0.23-a0-139-ga22e90c45f (webtiles) character file.

8540 PikkenKukken the Slicer (level 11, -2/84 HPs)
             Began as a Demonspawn Fighter on Aug 30, 2018.
             Was an Elder of Okawaru.
             Slain by an eight-headed hydra (10 damage)
             ... on level 8 of the Dungeon.
             The game lasted 00:25:44 (10472 turns).

PikkenKukken the Slicer (Demonspawn Fighter)       Turns: 10472, Time: 00:25:45

Health: -2/84      AC: 18    Str: 17    XL:     11   Next: 11%
Magic:  13/15      EV: 13    Int: 11    God:    Okawaru [****..]
Gold:   583        SH: 13    Dex: 19    Spells: 10/10 levels left

rFire    . . .     SeeInvis .   a - +1 rapier (elec)
rCold    + . .     Gourm    .   c - +0 shield
rNeg     . . .     Faith    .   C - +4 chain mail
rPois    +         Spirit   .   (no helmet)
rElec    .         Reflect  .   (no cloak)
rCorr    .         Harm     .   y - +0 pair of fencer's gloves {+Riposte Dex+3}
MR       .....                  (no boots)
Stlth    ..........             t - amulet of regeneration
HPRegen  0.64/turn              L - ring of poison resistance
MPRegen  0.14/turn              F - ring of the Clam {*Drain +Blink AC-3 Slay+3}

@: heroism
A: talons 2, icy blue scales 3, clever 1, demonic guardian 1, wild magic 1, rot
immunity, MP-powered wands
a: Heroism, Renounce Religion, Evoke Blink


You were on level 8 of the Dungeon.
You worshipped Okawaru.
Okawaru was greatly pleased with you.
You were not hungry.

You visited 2 branches of the dungeon, and saw 11 of its levels.
You also visited: Sewer and Ossuary.

You collected 583 gold pieces.

Inventory:

Hand Weapons
 a - a +1 rapier of electrocution (weapon)
 z - a +3 short sword of speed
Armour
 c - a +0 shield (worn)
 h - a +2 pair of gloves
 y - the +0 pair of fencer's gloves (worn) {+Riposte Dex+3}
   (You found it on level 6 of the Dungeon)

   It affects your dexterity (+3).
 C - a +4 chain mail (worn)
Jewellery
 b - a +2 ring of evasion
 j - the amulet "Zayhuuto" {Harm *Drain rPois}
   (You found it on level 7 of the Dungeon)

   [amulet of harm]

   It increases damage dealt and taken.
   It protects you from poison.
   It causes draining when unequipped.
 o - an uncursed ring of protection from cold
 s - an uncursed amulet of the acrobat
 t - an amulet of regeneration (around neck)
 u - an uncursed ring of wizardry
 B - a +2 ring of strength
 F - the ring of the Clam (right hand) {*Drain +Blink AC-3 Slay+3}
   (You found it on level 8 of the Dungeon)

   [ring of protection]

   It affects your AC (-3).
   It affects your accuracy and damage with ranged weapons and melee attacks
   (+3).
   It lets you blink.
   It causes draining when unequipped.
 L - a ring of poison resistance (left hand)
Wands
 k - a wand of iceblast (8)
 A - a wand of digging (12)
 D - a wand of polymorph (10)
 N - a wand of enslavement (11)
Scrolls
 i - 4 scrolls of remove curse
 v - 8 scrolls of teleportation
 x - 2 scrolls of fear
 G - a scroll of blinking
 H - a scroll of magic mapping
 J - a scroll of amnesia
 M - 3 scrolls of identify
Potions
 d - 2 potions of might
 e - 4 potions of curing
 g - a potion of berserk rage
 l - a potion of cancellation
 m - 2 potions of haste
 n - 4 potions of lignification
 p - 5 potions of brilliance
 q - 3 potions of flight
 r - a potion of mutation
 w - a potion of agility
 E - 2 potions of heal wounds
 I - a potion of invisibility
Comestibles
 f - 15 rations


   Skills:
 + Level 7.2(12.2) Fighting
 * Level 8.6(13.6) Short Blades
 + Level 6.5(11.5) Armour
 + Level 5.7(10.7) Dodging
 + Level 6.3(11.3) Shields
 + Level 6.3 Invocations
 - Level 5.0 Evocations


You had 10 spell levels left.
You didn't know any spells.
Your spell library contained the following spells:

 Spells                   Type           Power        Failure   Level  Hunger
 Beastly Appendage        Tmut           #.....       99%         1    ##.....
 Sticks to Snakes         Tmut           #.......     100%        2    ###....
 Spider Form              Tmut/Pois      #.........   100%        3    ####...
 Ice Form                 Ice/Tmut       #.......     100%        4    #####..
 Blade Hands              Tmut           #.........   100%        5    ######.


Dungeon Overview and Level Annotations

Branches:
Dungeon (10/15)            Temple (0/1) D:6            Lair (1/6) D:8
    Orc (0/2) D:9

Altars:
Dithmenos
Elyvilon
Gozag
Hepliaklqana
Nemelex Xobeh
Okawaru
Ru
Sif Muna
Xom

Annotations:
D:5 2 transporters, strelocc's ghost, novice MfFi
D:8 1 runed door


Innate Abilities, Weirdness & Mutations

You have razor-sharp toenails.
You are completely covered in icy blue scales. (AC +4, rC+)
A weak demonic guardian rushes to your aid.
You are immune to rotting.
Your mind is acute. (Int +2)
Your spells are a little harder to cast, but a little more powerful.
You expend magic power (3 MP) to strengthen your wands.


Message History

You block the eight-headed hydra's attack. x2
The eight-headed hydra closely misses you.
The eight-headed hydra bites you.
The eight-headed hydra bites you but does no damage. x2
The eight-headed hydra bites you.
The eight-headed hydra closely misses you.
You hit the eight-headed hydra. You claw the eight-headed hydra.
The eight-headed hydra is severely wounded.
You puncture the eight-headed hydra! You claw the eight-headed hydra.
The eight-headed hydra is almost dead.
The eight-headed hydra bites you. The eight-headed hydra bites you!
* * * LOW HITPOINT WARNING * * *
You block the eight-headed hydra's attack.
The eight-headed hydra closely misses you.
The eight-headed hydra bites you!
* * * LOW HITPOINT WARNING * * *
You block the eight-headed hydra's attack.
The eight-headed hydra bites you but does no damage.
The eight-headed hydra bites you!
You die...

#.#...............#
#######.######################
.)...>.....................<.#
######.......###############.####
# #...)...###.....#.#......... #
#.......#.........#.###.#### #
#.......#.#.###.#.#.# #.#..# ##
#.......#.#D..#.#.#.# #.#..# .#
#.......#.#@#.#.#.#.###.#..# .#
##'######..5.5..#.#.....#..# .#
#?######....####.#######..# .#
#.#.......................# .#
#.#............#.########.# .##
###>#............#..........#
..###..[#......(.....############
#.#...#.######...................
#...###.# ###########.########


You could see an eight-headed hydra and 2 friendly ufetubi.

Vanquished Creatures
  Harold (D:7)
  Erica (D:10)
  A two-headed ogre (D:9)
  A gargoyle (D:8)
  Psyche (D:10)
  A merfolk (D:10)
  Grinder (D:5)
  A shadow (D:8)
  4 wraiths (D:8)
  3 fire bats (D:8)
  Eustachio (D:4)
  Menkaure (Ossuary)
  Duvessa (D:7)
  A water moccasin (D:9)
  2 ice beasts
  5 orc warriors
  A sky beast (D:8)
  A black bear (D:10)
  An eye of draining (D:8)
  3 ogres
  4 centaurs
  3 crocodiles
  2 bullfrogs
  A water moccasin zombie (D:3)
  Dowan (D:7)
  3 scorpions
  2 electric eels (D:9)
  A bullfrog zombie (D:9)
  2 crimson imps
  2 centaur zombies
  3 jellies
  2 bullfrog skeletons
  16 orc wizards
  5 orc priests
  2 hounds
  A centaur skeleton (D:5)
  An iguana (D:7)
  7 worker ants
  A hound zombie (D:5)
  2 hound skeletons
  3 mummies (Ossuary)
  A worker ant zombie (D:9)
  5 gnolls
  10 adders
  A river rat (D:6)
  A shadow imp (D:7)
  3 oozes
  3 adder skeletons
  An adder zombie (D:9)
  A worm (D:6)
  A dart slug (D:1)
  5 leopard geckos
  48 orcs
  5 ball pythons
  9 giant cockroaches
  5 hobgoblins
  5 jackals
  6 quokkas
  21 bats
  8 frilled lizards
  2 gnoll skeletons (Ossuary)
  5 gnoll zombies (Ossuary)
  6 goblins
  4 goblin skeletons (Ossuary)
  2 goblin zombies (Ossuary)
  2 hobgoblin skeletons (Ossuary)
  13 kobolds
  4 kobold skeletons (Ossuary)
  4 kobold zombies
  3 orc skeletons (Ossuary)
  6 orc zombies (Ossuary)
  2 quokka skeletons
  6 rats
  3 rat skeletons (Ossuary)
  4 rat zombies (Ossuary)
301 creatures vanquished.

Vanquished Creatures (others)
  An orc wizard (D:9)
  A shadow imp (D:9)
  A gnoll zombie (Ossuary)
  A goblin skeleton (Ossuary)
  3 hobgoblin skeletons (Ossuary)
  A kobold skeleton (Ossuary)
  An orc zombie (Ossuary)
  2 rat skeletons (Ossuary)
  3 rat zombies (Ossuary)
14 creatures vanquished.

Grand Total: 315 creatures vanquished

Notes
Turn   | Place    | Note
-------+----------+-------------------------------------------
     0 | D:1      | PikkenKukken the Demonspawn Fighter began the quest for the
                  | Orb.
     0 | D:1      | Reached XP level 1. HP: 18/18 MP: 1/1
   105 | D:1      | Reached skill level 2 in Short Blades
   106 | D:1      | Gained mutation: You are partially covered in icy blue
                  | scales. (AC +2) [demonic ancestry]
   106 | D:1      | Reached XP level 2. HP: 15/24 MP: 2/2
   326 | D:1      | Reached XP level 3. HP: 28/29 MP: 3/3
   753 | D:2      | Reached skill level 1 in Dodging
   797 | D:2      | Gained mutation: You have sharp toenails. [demonic
                  | ancestry]
   797 | D:2      | Reached XP level 4. HP: 21/35 MP: 4/4
  1611 | D:3      | Reached skill level 3 in Short Blades
  1699 | D:3      | Reached XP level 5. HP: 42/42 MP: 5/5
  1983 | D:3      | Gained mutation: You have razor-sharp toenails. [demonic
                  | ancestry]
  1983 | D:3      | Reached XP level 6. HP: 24/48 MP: 6/6
  2510 | D:3      | Found a shimmering altar of Xom.
  2511 | D:3      | Found a hazy altar of Hepliaklqana.
  2511 | D:3      | Noticed a hell beast
  2513 | D:3      | Noticed a spectral ugly thing
  2513 | D:3      | Noticed a hell beast
  2664 | D:4      | Noticed Eustachio
  2810 | D:4      | Killed Eustachio
  2810 | D:4      | Reached skill level 4 in Short Blades
  3129 | D:4      | Gained mutation: You are mostly covered in icy blue scales.
                  | (AC +3) [demonic ancestry]
  3129 | D:4      | Reached XP level 7. HP: 52/54 MP: 7/7
  3400 | D:5      | Entered Level 5 of the Dungeon
  3580 | D:5      | Noticed Grinder
  3734 | D:5      | Found an iron altar of Okawaru.
  3746 | D:5      | Became a worshipper of Warmaster Okawaru
  4052 | D:5      | Reached skill level 5 in Short Blades
  4064 | D:5      | Paralysed by Grinder for 2 turns
  4075 | D:5      | Killed Grinder
  4075 | D:5      | Reached skill level 1 in Evocations
  4075 | D:5      | Gained mutation: You are immune to rotting. [demonic
                  | ancestry]
  4075 | D:5      | Reached XP level 8. HP: 61/61 MP: 7/9
  4103 | D:5      | Found a transporter.
  4106 | D:5      | Noticed strelocc's ghost (novice MfFi)
  4109 | D:5      | Found a transporter.
  4325 | D:6      | Found the +0 pair of fencer's gloves {+Riposte Dex+3}
  4370 | D:6      | Reached skill level 5 in Fighting
  4506 | D:6      | Found a sparkling altar of Nemelex Xobeh.
  4718 | D:6      | Found a glowing drain.
  4725 | Sewer    | Entered a sewer
  4763 | Sewer    | Reached skill level 1 in Invocations
  4959 | D:6      | Found a staircase to the Ecumenical Temple.
  5268 | D:7      | Noticed Duvessa
  5269 | D:7      | Noticed Dowan
  5273 | D:7      | Killed Dowan
  5279 | D:7      | Killed Duvessa
  5352 | D:7      | Reached * piety under Okawaru
  5400 | D:7      | Noticed Harold
  5416 | D:7      | Killed Harold
  5416 | D:7      | Reached ** piety under Okawaru
  5416 | D:7      | Reached skill level 6 in Short Blades
  5416 | D:7      | Reached skill level 5 in Armour
  5416 | D:7      | Reached skill level 5 in Shields
  5416 | D:7      | Reached XP level 9. HP: 69/69 MP: 9/11
  5512 | D:7      | Found a sand-covered staircase.
  5522 | Ossuary  | Entered an ossuary
  5756 | Ossuary  | Noticed Menkaure
  5758 | Ossuary  | Killed Menkaure
  6082 | D:7      | Gained mutation: Your mind is acute. (Int +2) [potion of
                  | mutation]
  6082 | D:7      | Gained mutation: Your spells are a little harder to cast,
                  | but a little more powerful. [potion of mutation]
  6082 | D:7      | Gained mutation: You expend magic power (3 MP) to
                  | strengthen your wands. [potion of mutation]
  6092 | D:7      | Found a deep blue altar of Sif Muna.
  6265 | D:7      | Got a scintillating zirconium amulet
  6267 | D:7      | Identified the amulet "Zayhuuto" {Harm *Drain rPois} (You
                  | found it on level 7 of the Dungeon)
  6376 | D:8      | Reached *** piety under Okawaru
  6640 | D:8      | Found a runed door.
  6651 | D:8      | Reached skill level 7 in Short Blades
  6662 | D:8      | Found a deep blue altar of Sif Muna.
  6669 | D:8      | Got a pitted jade ring
  6671 | D:8      | Identified the cursed ring of the Clam {*Drain +Blink AC-3
                  | Slay+3} (You found it on level 8 of the Dungeon)
  6680 | D:8      | Found a shadowy altar of Dithmenos.
  6696 | D:8      | Found a white marble altar of Elyvilon.
  6705 | D:8      | Found a sacrificial altar of Ru.
  6745 | D:8      | Found a shadowy altar of Dithmenos.
  6779 | D:8      | Gained mutation: A weak demonic guardian rushes to your
                  | aid. [demonic ancestry]
  6779 | D:8      | Reached XP level 10. HP: 54/76 MP: 6/13
  7097 | D:8      | Found a shimmering altar of Xom.
  7097 | D:8      | Noticed a gargoyle
  7115 | D:8      | Killed a gargoyle
  7115 | D:8      | Reached **** piety under Okawaru
  7505 | D:8      | Found a staircase to the Lair.
  7656 | D:8      | Reached skill level 5 in Dodging
  7656 | D:8      | Reached skill level 5 in Invocations
  8639 | D:9      | Found an opulent altar of Gozag.
  9064 | D:9      | Found a staircase to the Orcish Mines.
  9239 | D:9      | Reached skill level 8 in Short Blades
  9371 | D:9      | Noticed a two-headed ogre
  9377 | D:9      | Killed a two-headed ogre
  9415 | D:10     | Entered Level 10 of the Dungeon
  9424 | D:10     | Noticed Erica
  9443 | D:10     | Killed Erica
  9492 | D:10     | Reached skill level 5 in Evocations
  9577 | D:10     | Noticed Psyche
  9654 | D:10     | Gained mutation: You are completely covered in icy blue
                  | scales. (AC +4, rC+) [demonic ancestry]
  9654 | D:10     | Reached XP level 11. HP: 84/84 MP: 13/15
  9731 | D:10     | Killed Psyche
 10280 | Lair:1   | Entered Level 1 of the Lair of Beasts
 10280 | Lair:1   | Noticed an eight-headed hydra
 10315 | D:8      | HP: 1/84 [eight-headed hydra (9)]
 10472 | D:8      | Slain by an eight-headed hydra

Vault maps used:
D:1:      saegor_arrival_simple_d, grunt_decor_fettered, st_stairs_5
D:2:      first_ration, grunt_ministairs_5
D:3:      regret_index_temple_of_mockery
D:4:      uniq_eustachio
D:5:      nicolae_overflow_crystal_walls, gammafunk_ghost_smash, uniq_grinder
D:6:      minmay_temple_entry_grid, gup_sewer_entry_bubbles, basic_altar
D:7:      kennysheep_orc_sif_temple, enter_ossuary_3, uniq_harold, uniq_duvessa
D:8:      due_megacathedral, lair_entry_dummy
D:9:      lemuel_doored_altar, erik_orc_2
D:10:     hangedman_stone_soup, feat_on_display, uniq_erica, uniq_psyche
Lair:1:   statuecave_lemuel, portal_ice_cave_entry_imps, lemuel_fruit_tree
Sewer:    sewer_big_baddie
Ossuary:  ossuary_due_pyramid

Skill      XL: |  1  2  3  4  5  6  7  8  9 10 |
---------------+-------------------------------+-----
Short Blades   | 2 3 4 5 6 7 8 |  8.6
Shields        | 3 4 5 6 |  6.3
Armour         | 3 4 5 6 |  6.5
Dodging        | 1 2 3 4 5 |  5.7
Fighting       | 4 5 6 7 |  7.2
Evocations     | 1 3 5 |  5.0
Invocations    | 3 4 6 |  6.3

Action                   |  1- 3 |  4- 6 |  7- 9 | 10-12 || total
-------------------------+-------+-------+-------+-------++-------
Melee: Rapier            |   115 |   250 |   475 |   136 ||   976
       Kick              |       |    63 |   201 |   112 ||   376
       Short sword       |       |       |       |   103 ||   103
Invok: Heroism           |       |       |     1 |    12 ||    13
Evoke: Wand              |       |       |       |     2 ||     2
  Use: Scroll            |     3 |     9 |    13 |     5 ||    30
       Potion            |       |       |     3 |     1 ||     4
 Stab: Distracted        |       |     1 |       |     1 ||     2
  Eat: Chunk             |       |     7 |    10 |     7 ||    24
       Ration            |       |       |     1 |     2 ||     3
Armor: Scale mail        |    49 |       |       |       ||    49
       Plate armour      |     8 |   178 |   126 |       ||   312
       Chain mail        |       |       |    29 |    77 ||   106
Dodge: Dodged            |    30 |    35 |    75 |    69 ||   209
Block: Shield            |    63 |   136 |   187 |   115 ||   501
       Rpst.: Rapier     |       |       |    16 |     9 ||    25
       Short sword       |       |       |       |     6 ||     6

Table legend:
 A = Non-vault XP
 B = Vault XP
 C = Vault XP percentage of total XP
 D = Non-vault monster count
 E = Vault monster count
 F = Vault count percentage of total count
                 A         B        C        D         E       F
            +---------+---------+-------+---------+---------+-------
      Total |    6741 |    5459 |  44.7 |     204 |      84 |  29.2
            +---------+---------+-------+---------+---------+-------
        D:1 |      55 |       6 |   9.8 |      25 |       3 |  10.7
        D:2 |      76 |       8 |   9.5 |      19 |       2 |   9.5
        D:3 |     318 |       0 |   0.0 |      43 |       0 |   0.0
        D:4 |     182 |     182 |  50.0 |      10 |       1 |   9.1
        D:5 |     614 |     277 |  31.1 |      22 |       1 |   4.3
        D:6 |     273 |      27 |   9.0 |       5 |       7 |  58.3
        D:7 |     149 |    1484 |  90.9 |       8 |       9 |  52.9
        D:8 |    2058 |    1150 |  35.8 |      43 |       6 |  12.2
        D:9 |    1877 |     421 |  18.3 |      19 |      16 |  45.7
       D:10 |    1139 |    1722 |  60.2 |      10 |       5 |  33.3
      Sewer |       0 |     112 | 100.0 |       0 |       6 | 100.0
    Ossuary |       0 |      70 | 100.0 |       0 |      28 | 100.0
            +---------+---------+-------+---------+---------+-------
